 Dungeon Crawl Stone Soup version 0.32-a0-975-g85d4e5bfdb (webtiles) character file.

Game seed: 2911210035312428442

9 PriceMaster the Grave Robber (level 2, 0/19 HPs)
             Began as a Demonspawn Necromancer on Apr 19, 2024.
             Constricted to death by a ball python (1 damage)
             ... on level 1 of the Dungeon.
             The game lasted 00:00:37 (292 turns).

PriceMaster the Grave Robber (DsNe)                  Turns: 292, Time: 00:00:38

Health: 0/19       AC:  2    Str:  8    XL:     2   Next: 6%
Magic:  1/5        EV:  1    Int: 15    God:
Gold:   16         SH:  4    Dex: 13    Spells: 3/5 levels left

rFire   . . .        (no weapon)
rCold   . . .        (no shield)
rNeg    . . .        a - +0 robe
rPois   .            (no helmet)
rElec   .            (no cloak)
rCorr   .            (no gloves)
SInv    .            (no boots)
Will    .....        (no amulet)
Stlth   ++           (no ring)
HPRegen 0.23/turn    (no ring)
MPRegen 0.09/turn

%: no passive effects
@: constricted
A: condensation shield
a: no special abilities


You were on level 1 of the Dungeon.
You visited 1 branch of the dungeon, and saw 1 of its levels.

You collected 16 gold pieces.

Inventory:

Armour
 a - a +0 robe (worn)
Jewellery
 f - a ring of resist corrosion
Scrolls
 c - a scroll of teleportation {unknown}
 d - 2 scrolls of identify {unknown}
 g - a scroll of enchant armour {unknown}
Potions
 b - a potion of magic
 e - a potion of curing {unknown}


   Skills:
 + Level 1.7 Dodging
 + Level 1.7 Stealth
 + Level 2.1 Spellcasting
 + Level 4.8 Necromancy


You had 3 spell levels left.
You knew the following spells:

 Your Spells              Type           Power      Damage    Failure   Level
a - Necrotise             Necr           64%        1d7       3%          1
b - Freeze                Ice            4%         1d3       22%         1

Your spell library contained the following spells:

 Spells                   Type           Power      Damage    Failure   Level
 Vampiric Draining        Necr           16%        2d7       9%          3
 Frozen Ramparts          Ice            2%         1d1       54%         3
 Hailstorm                Conj/Ice       1%         3d5       54%         3
 Animate Dead             Necr           16%        N/A       30%         4
 Curse of Agony           Necr           16%        N/A       63%         5


Dungeon Overview and Level Annotations

Branches:
Dungeon (1/15)

Altars:


Innate Abilities, Weirdness & Mutations

A meltable shield of frost defends you. (SH +4)


Message History

The giant cockroach is heavily wounded.
You block the giant cockroach's attack.
Your frilled lizard skeleton bites the giant cockroach but does no damage.
Your rat skeleton closely misses the ball python.
The ball python barely misses you.
A hobgoblin comes into view.
What are your orders? t - Shout!
Orders for allies: a - Attack new target. r - Retreat! s - Stop attacking. g - Guard the area. f - Follow me.
Anything else - Cancel.
Gang up on whom?
Press: ? - help, Dir - move target, f - giant cockroach
Aim: a giant cockroach (heavily wounded, ally target) Attack!
You block the giant cockroach's attack.
Your frilled lizard skeleton closely misses the giant cockroach.
Your rat skeleton barely misses the ball python.
The ball python bites you. The ball python grabs you.
The ball python constricts you.
The giant cockroach bites you but does no damage.
The ball python bites you. The ball python constricts you.
Your frilled lizard skeleton bites the giant cockroach but does no damage.
Your rat skeleton closely misses the ball python.
The giant cockroach bites you. The ball python bites you.
The ball python constricts you.
The giant cockroach bites you but does no damage.
Your rat skeleton closely misses the ball python.
Your frilled lizard skeleton bites the giant cockroach.
Your magical contamination has completely faded away.
The ball python bites you.
* * * LOW HITPOINT WARNING * * *
The ball python constricts you.
* * * LOW HITPOINT WARNING * * *
The giant cockroach bites you.
* * * LOW HITPOINT WARNING * * *
The ball python bites you.
* * * LOW HITPOINT WARNING * * *
The ball python constricts you.
You die...

..###.##.#.##.###
.#...##.#
##..#..### ........
#.#.#.#.# ..).#.#
##.#.#.#.# ...#.#
#.##.#.# .
..#.###.##.#.# .##.
##.###.#......+.+.+
.(.
(......#.###.##.#.#
##. ......B@...#.#
.# #.
.....ZS....##. #
##. .......Z...# .#
#. #.. ....g......#
#. #. ###..
......######
#.#.##.... ...### #
.#....... ... #.
##....## ..
##.####.###
#.........#


You could see a giant cockroach (ally target), a hobgoblin, a ball python, a
friendly frilled lizard skeleton and a friendly rat skeleton.

Vanquished Creatures
  A ball python (D:1)
  An endoplasm (D:1)
  A hobgoblin (D:1)
  2 bats (D:1)
  A frilled lizard (D:1)
  A kobold (D:1)
  2 rats (D:1)
9 creatures vanquished.

Vanquished Creatures (collateral kills)
  A kobold (D:1)
1 creature vanquished.

Grand Total: 10 creatures vanquished

Notes
Turn   | Place    | Note
-------+----------+-------------------------------------------
     0 | D:1      | PriceMaster the Demonspawn Necromancer began the quest for
                  | the Orb.
     0 | D:1      | Reached XP level 1. HP: 13/13 MP: 3/3
   161 | D:1      | Learned a level 1 spell: Freeze
   233 | D:1      | Gained mutation: A meltable shield of frost defends you.
                  | (SH +4) [demonic ancestry]
   233 | D:1      | Reached XP level 2. HP: 16/19 MP: 1/5
   292 | D:1      | Constricted to death by a ball python

Illustrated notes

Levels and vault maps discovered:
D:1:      grunt_arrival_crossed_arrows, layout_basic, interstate_on_off

Action                     || total
---------------------------++-------
  Melee: Unarmed           ||     8
   Cast: Necrotise         ||    13
 Armour: Robe              ||    23
  Dodge: Dodged            ||     6
  Block: Other             ||     3

Table legend: (Time is in decaauts)
 A = Elapsed time spent in this place.
 B = Non-inter-level travel time spent in this place.
 C = Inter-level travel time spent in this place.
 D = Time resting spent in this place.
 E = Time spent auto-exploring this place.
 F = Levels seen in this place.
 G = Mean time per level.
                   A        B        C        D        E       F      G
               +--------+--------+--------+--------+--------+-----+--------+
         Total |    292 |    292 |      0 |      0 |    228 |   1 |  292.0 |
       Dungeon |    292 |    292 |      0 |      0 |    228 |   1 |  292.0 |
               +--------+--------+--------+--------+--------+-----+--------+

Top non-repeatable levels by time:
     D:1: 292 daAuts
